Workbook

Sheet Übersicht
A1: Budgetplanung
A2: Jahresübersicht und Monatskontrolle
A4: Monat auswählen | B4: März
A6: Kennzahlen
A7: Geplante Jahreseinnahmen | B7: =Eingaben!N10 -> 43200
A8: Ist-Jahreseinnahmen | B8: =Eingaben!N47 -> 43340
A9: Geplante Jahresausgaben | B9: =Eingaben!N37 -> 29305
A10: Ist-Jahresausgaben | B10: =Eingaben!N74 -> 29898
A11: Geplantes Jahressparen | B11: =Eingaben!N35 -> 6830
A12: Ist-Jahressparen | B12: =Eingaben!N72 -> 7020
A13: Geplanter Jahressaldo | B13: =Eingaben!N38 -> 7065
A14: Ist-Jahressaldo | B14: =Eingaben!N75 -> 6422
B16: Januar | C16: Februar | D16: März | E16: April | F16: Mai | G16: Juni | H16: Juli | I16: August | J16: September | K16: Oktober | L16: November | M16: Dezember | N16: Gesamt
A17: Einnahmen Geplant | B17: =Eingaben!B10 -> 3450 | C17: =Eingaben!C10 -> 3450 | D17: =Eingaben!D10 -> 3750 | E17: =Eingaben!E10 -> 3500 | F17: =Eingaben!F10 -> 3500 | G17: =Eingaben!G10 -> 3550 | H17: =Eingaben!H10 -> 3700 | I17: =Eingaben!I10 -> 3550 | ... N17: =Eingaben!N10 -> 43200
A18: Einnahmen Ist | B18: =Eingaben!B47 -> 3420 | C18: =Eingaben!C47 -> 3480 | D18: =Eingaben!D47 -> 3720 | E18: =Eingaben!E47 -> 3510 | F18: =Eingaben!F47 -> 3590 | G18: =Eingaben!G47 -> 3560 | H18: =Eingaben!H47 -> 3610 | I18: =Eingaben!I47 -> 3590 | ... N18: =Eingaben!N47 -> 43340
A19: Fixkosten Geplant | B19: =Eingaben!B19 -> 1500 | C19: =Eingaben!C19 -> 1500 | D19: =Eingaben!D19 -> 1490 | E19: =Eingaben!E19 -> 1480 | F19: =Eingaben!F19 -> 1475 | G19: =Eingaben!G19 -> 1470 | H19: =Eingaben!H19 -> 1470 | I19: =Eingaben!I19 -> 1475 | ... N19: =Eingaben!N19 -> 17840
A20: Fixkosten Ist | B20: =Eingaben!B56 -> 1515 | C20: =Eingaben!C56 -> 1495 | D20: =Eingaben!D56 -> 1488 | E20: =Eingaben!E56 -> 1478 | F20: =Eingaben!F56 -> 1485 | G20: =Eingaben!G56 -> 1475 | H20: =Eingaben!H56 -> 1468 | I20: =Eingaben!I56 -> 1485 | ... N20: =Eingaben!N56 -> 17902
A21: Variable Kosten Geplant | B21: =Eingaben!B29 -> 900 | C21: =Eingaben!C29 -> 840 | D21: =Eingaben!D29 -> 930 | E21: =Eingaben!E29 -> 915 | F21: =Eingaben!F29 -> 960 | G21: =Eingaben!G29 -> 1010 | H21: =Eingaben!H29 -> 1055 | I21: =Eingaben!I29 -> 1025 | ... N21: =Eingaben!N29 -> 11465
A22: Variable Kosten Ist | B22: =Eingaben!B66 -> 910 | C22: =Eingaben!C66 -> 845 | D22: =Eingaben!D66 -> 990 | E22: =Eingaben!E66 -> 935 | F22: =Eingaben!F66 -> 1000 | G22: =Eingaben!G66 -> 1085 | H22: =Eingaben!H66 -> 1160 | I22: =Eingaben!I66 -> 1100 | ... N22: =Eingaben!N66 -> 11996
A23: Sparen Geplant | B23: =Eingaben!B35 -> 550 | C23: =Eingaben!C35 -> 550 | D23: =Eingaben!D35 -> 550 | E23: =Eingaben!E35 -> 570 | F23: =Eingaben!F35 -> 570 | G23: =Eingaben!G35 -> 600 | H23: =Eingaben!H35 -> 600 | I23: =Eingaben!I35 -> 600 | ... N23: =Eingaben!N35 -> 6830
A24: Sparen Ist | B24: =Eingaben!B72 -> 550 | C24: =Eingaben!C72 -> 550 | D24: =Eingaben!D72 -> 550 | E24: =Eingaben!E72 -> 550 | F24: =Eingaben!F72 -> 550 | G24: =Eingaben!G72 -> 650 | H24: =Eingaben!H72 -> 660 | I24: =Eingaben!I72 -> 630 | ... N24: =Eingaben!N72 -> 7020
A25: Gesamtausgaben Geplant | B25: =Eingaben!B37 -> 2400 | C25: =Eingaben!C37 -> 2340 | D25: =Eingaben!D37 -> 2420 | E25: =Eingaben!E37 -> 2395 | F25: =Eingaben!F37 -> 2435 | G25: =Eingaben!G37 -> 2480 | H25: =Eingaben!H37 -> 2525 | I25: =Eingaben!I37 -> 2500 | ... N25: =Eingaben!N37 -> 29305
A26: Gesamtausgaben Ist | B26: =Eingaben!B74 -> 2425 | C26: =Eingaben!C74 -> 2340 | D26: =Eingaben!D74 -> 2478 | E26: =Eingaben!E74 -> 2413 | F26: =Eingaben!F74 -> 2485 | G26: =Eingaben!G74 -> 2560 | H26: =Eingaben!H74 -> 2628 | I26: =Eingaben!I74 -> 2585 | ... N26: =Eingaben!N74 -> 29898
A27: Saldo Geplant | B27: =Eingaben!B38 -> 500 | C27: =Eingaben!C38 -> 560 | D27: =Eingaben!D38 -> 780 | E27: =Eingaben!E38 -> 535 | F27: =Eingaben!F38 -> 495 | G27: =Eingaben!G38 -> 470 | H27: =Eingaben!H38 -> 575 | I27: =Eingaben!I38 -> 450 | ... N27: =Eingaben!N38 -> 7065
A28: Saldo Ist | B28: =Eingaben!B75 -> 445 | C28: =Eingaben!C75 -> 590 | D28: =Eingaben!D75 -> 692 | E28: =Eingaben!E75 -> 547 | F28: =Eingaben!F75 -> 555 | G28: =Eingaben!G75 -> 350 | H28: =Eingaben!H75 -> 322 | I28: =Eingaben!I75 -> 375 | ... N28: =Eingaben!N75 -> 6422
A29: Sparquote Ist | B29: =IF(B24=0,0,B24/B18) -> 0.16081871 | C29: =IF(C24=0,0,C24/C18) -> 0.15804598 | D29: =IF(D24=0,0,D24/D18) -> 0.14784946 | E29: =IF(E24=0,0,E24/E18) -> 0.15669516 | F29: =IF(F24=0,0,F24/F18) -> 0.15320334 | G29: =IF(G24=0,0,G24/G18) -> 0.18258427 | H29: =IF(H24=0,0,H24/H18) -> 0.18282548 | I29: =IF(I24=0,0,I24/I18) -> 0.17548747 | ... M29: =IF(M24=0,0,M24/M18) -> 0.15254237 | N29: =IF(N18=0,0,N24/N18) -> 0.16197508
A32: Detail des ausgewählten Monats
A33: Kategorie | B33: Bereich | C33: Geplant | D33: Ist | E33: Abweichung | F33: Status
A34: Gehalt | B34: Einnahmen | C34: =INDEX(Eingaben!$B$7:$M$7,1,MATCH($B$4,Eingaben!$B$4:$M$4,0)) -> 3200 | D34: =INDEX(Eingaben!$B$44:$M$44,1,MATCH($B$4,Eingaben!$B$4:$M$4,0)) -> 3200 | E34: =IF(B34="Einnahmen",D34-C34,IF(B34="Sparen",D34-C34,C34-D34)) -> 0 | F34: =IF(B34="Einnahmen",IF(E34>=0,"OK","Unter Plan"),IF(B34="Sparen",IF(E34>=0,"OK","Unter Sparziel"),IF(E34>=0,"OK","Über Budget"))) -> OK
A35: Nebeneinkünfte | B35: Einnahmen | C35: =INDEX(Eingaben!$B$8:$M$8,1,MATCH($B$4,Eingaben!$B$4:$M$4,0)) -> 300 | D35: =INDEX(Eingaben!$B$45:$M$45,1,MATCH($B$4,Eingaben!$B$4:$M$4,0)) -> 320 | E35: =IF(B35="Einnahmen",D35-C35,IF(B35="Sparen",D35-C35,C35-D35)) -> 20 | F35: =IF(B35="Einnahmen",IF(E35>=0,"OK","Unter Plan"),IF(B35="Sparen",IF(E35>=0,"OK","Unter Sparziel"),IF(E35>=0,"OK","Über Budget"))) -> OK
A36: Sonstige Einnahmen | B36: Einnahmen | C36: =INDEX(Eingaben!$B$9:$M$9,1,MATCH($B$4,Eingaben!$B$4:$M$4,0)) -> 250 | D36: =INDEX(Eingaben!$B$46:$M$46,1,MATCH($B$4,Eingaben!$B$4:$M$4,0)) -> 200 | E36: =IF(B36="Einnahmen",D36-C36,IF(B36="Sparen",D36-C36,C36-D36)) -> -50 | F36: =IF(B36="Einnahmen",IF(E36>=0,"OK","Unter Plan"),IF(B36="Sparen",IF(E36>=0,"OK","Unter Sparziel"),IF(E36>=0,"OK","Über Budget"))) -> Unter Plan
A37: Miete/Hypothek | B37: Fixkosten | C37: =INDEX(Eingaben!$B$13:$M$13,1,MATCH($B$4,Eingaben!$B$4:$M$4,0)) -> 950 | D37: =INDEX(Eingaben!$B$50:$M$50,1,MATCH($B$4,Eingaben!$B$4:$M$4,0)) -> 950 | E37: =IF(B37="Einnahmen",D37-C37,IF(B37="Sparen",D37-C37,C37-D37)) -> 0 | F37: =IF(B37="Einnahmen",IF(E37>=0,"OK","Unter Plan"),IF(B37="Sparen",IF(E37>=0,"OK","Unter Sparziel"),IF(E37>=0,"OK","Über Budget"))) -> OK
A38: Strom/Wasser/Heizung | B38: Fixkosten | C38: =INDEX(Eingaben!$B$14:$M$14,1,MATCH($B$4,Eingaben!$B$4:$M$4,0)) -> 160 | D38: =INDEX(Eingaben!$B$51:$M$51,1,MATCH($B$4,Eingaben!$B$4:$M$4,0)) -> 158 | E38: =IF(B38="Einnahmen",D38-C38,IF(B38="Sparen",D38-C38,C38-D38)) -> 2 | F38: =IF(B38="Einnahmen",IF(E38>=0,"OK","Unter Plan"),IF(B38="Sparen",IF(E38>=0,"OK","Unter Sparziel"),IF(E38>=0,"OK","Über Budget"))) -> OK
A39: Internet/Telefon | B39: Fixkosten | C39: =INDEX(Eingaben!$B$15:$M$15,1,MATCH($B$4,Eingaben!$B$4:$M$4,0)) -> 45 | D39: =INDEX(Eingaben!$B$52:$M$52,1,MATCH($B$4,Eingaben!$B$4:$M$4,0)) -> 45 | E39: =IF(B39="Einnahmen",D39-C39,IF(B39="Sparen",D39-C39,C39-D39)) -> 0 | F39: =IF(B39="Einnahmen",IF(E39>=0,"OK","Unter Plan"),IF(B39="Sparen",IF(E39>=0,"OK","Unter Sparziel"),IF(E39>=0,"OK","Über Budget"))) -> OK
A40: Versicherungen | B40: Fixkosten | C40: =INDEX(Eingaben!$B$16:$M$16,1,MATCH($B$4,Eingaben!$B$4:$M$4,0)) -> 120 | D40: =INDEX(Eingaben!$B$53:$M$53,1,MATCH($B$4,Eingaben!$B$4:$M$4,0)) -> 120 | E40: =IF(B40="Einnahmen",D40-C40,IF(B40="Sparen",D40-C40,C40-D40)) -> 0 | F40: =IF(B40="Einnahmen",IF(E40>=0,"OK","Unter Plan"),IF(B40="Sparen",IF(E40>=0,"OK","Unter Sparziel"),IF(E40>=0,"OK","Über Budget"))) -> OK
A41: Kredit/Raten | B41: Fixkosten | C41: =INDEX(Eingaben!$B$17:$M$17,1,MATCH($B$4,Eingaben!$B$4:$M$4,0)) -> 180 | D41: =INDEX(Eingaben!$B$54:$M$54,1,MATCH($B$4,Eingaben!$B$4:$M$4,0)) -> 180 | E41: =IF(B41="Einnahmen",D41-C41,IF(B41="Sparen",D41-C41,C41-D41)) -> 0 | F41: =IF(B41="Einnahmen",IF(E41>=0,"OK","Unter Plan"),IF(B41="Sparen",IF(E41>=0,"OK","Unter Sparziel"),IF(E41>=0,"OK","Über Budget"))) -> OK
A42: Abos | B42: Fixkosten | C42: =INDEX(Eingaben!$B$18:$M$18,1,MATCH($B$4,Eingaben!$B$4:$M$4,0)) -> 35 | D42: =INDEX(Eingaben!$B$55:$M$55,1,MATCH($B$4,Eingaben!$B$4:$M$4,0)) -> 35 | E42: =IF(B42="Einnahmen",D42-C42,IF(B42="Sparen",D42-C42,C42-D42)) -> 0 | F42: =IF(B42="Einnahmen",IF(E42>=0,"OK","Unter Plan"),IF(B42="Sparen",IF(E42>=0,"OK","Unter Sparziel"),IF(E42>=0,"OK","Über Budget"))) -> OK
A43: Lebensmittel | B43: Variable Kosten | C43: =INDEX(Eingaben!$B$22:$M$22,1,MATCH($B$4,Eingaben!$B$4:$M$4,0)) -> 360 | D43: =INDEX(Eingaben!$B$59:$M$59,1,MATCH($B$4,Eingaben!$B$4:$M$4,0)) -> 375 | E43: =IF(B43="Einnahmen",D43-C43,IF(B43="Sparen",D43-C43,C43-D43)) -> -15 | F43: =IF(B43="Einnahmen",IF(E43>=0,"OK","Unter Plan"),IF(B43="Sparen",IF(E43>=0,"OK","Unter Sparziel"),IF(E43>=0,"OK","Über Budget"))) -> Über Budget
A44: Transport | B44: Variable Kosten | C44: =INDEX(Eingaben!$B$23:$M$23,1,MATCH($B$4,Eingaben!$B$4:$M$4,0)) -> 130 | D44: =INDEX(Eingaben!$B$60:$M$60,1,MATCH($B$4,Eingaben!$B$4:$M$4,0)) -> 125 | E44: =IF(B44="Einnahmen",D44-C44,IF(B44="Sparen",D44-C44,C44-D44)) -> 5 | F44: =IF(B44="Einnahmen",IF(E44>=0,"OK","Unter Plan"),IF(B44="Sparen",IF(E44>=0,"OK","Unter Sparziel"),IF(E44>=0,"OK","Über Budget"))) -> OK
A45: Gesundheit | B45: Variable Kosten | C45: =INDEX(Eingaben!$B$24:$M$24,1,MATCH($B$4,Eingaben!$B$4:$M$4,0)) -> 65 | D45: =INDEX(Eingaben!$B$61:$M$61,1,MATCH($B$4,Eingaben!$B$4:$M$4,0)) -> 50 | E45: =IF(B45="Einnahmen",D45-C45,IF(B45="Sparen",D45-C45,C45-D45)) -> 15 | F45: =IF(B45="Einnahmen",IF(E45>=0,"OK","Unter Plan"),IF(B45="Sparen",IF(E45>=0,"OK","Unter Sparziel"),IF(E45>=0,"OK","Über Budget"))) -> OK
A46: Bildung | B46: Variable Kosten | C46: =INDEX(Eingaben!$B$25:$M$25,1,MATCH($B$4,Eingaben!$B$4:$M$4,0)) -> 40 | D46: =INDEX(Eingaben!$B$62:$M$62,1,MATCH($B$4,Eingaben!$B$4:$M$4,0)) -> 40 | E46: =IF(B46="Einnahmen",D46-C46,IF(B46="Sparen",D46-C46,C46-D46)) -> 0 | F46: =IF(B46="Einnahmen",IF(E46>=0,"OK","Unter Plan"),IF(B46="Sparen",IF(E46>=0,"OK","Unter Sparziel"),IF(E46>=0,"OK","Über Budget"))) -> OK
A47: Freizeit | B47: Variable Kosten | C47: =INDEX(Eingaben!$B$26:$M$26,1,MATCH($B$4,Eingaben!$B$4:$M$4,0)) -> 170 | D47: =INDEX(Eingaben!$B$63:$M$63,1,MATCH($B$4,Eingaben!$B$4:$M$4,0)) -> 190 | E47: =IF(B47="Einnahmen",D47-C47,IF(B47="Sparen",D47-C47,C47-D47)) -> -20 | F47: =IF(B47="Einnahmen",IF(E47>=0,"OK","Unter Plan"),IF(B47="Sparen",IF(E47>=0,"OK","Unter Sparziel"),IF(E47>=0,"OK","Über Budget"))) -> Über Budget
A48: Kleidung/Shopping | B48: Variable Kosten | C48: =INDEX(Eingaben!$B$27:$M$27,1,MATCH($B$4,Eingaben!$B$4:$M$4,0)) -> 70 | D48: =INDEX(Eingaben!$B$64:$M$64,1,MATCH($B$4,Eingaben!$B$4:$M$4,0)) -> 90 | E48: =IF(B48="Einnahmen",D48-C48,IF(B48="Sparen",D48-C48,C48-D48)) -> -20 | F48: =IF(B48="Einnahmen",IF(E48>=0,"OK","Unter Plan"),IF(B48="Sparen",IF(E48>=0,"OK","Unter Sparziel"),IF(E48>=0,"OK","Über Budget"))) -> Über Budget
A49: Sonstiges | B49: Variable Kosten | C49: =INDEX(Eingaben!$B$28:$M$28,1,MATCH($B$4,Eingaben!$B$4:$M$4,0)) -> 95 | D49: =INDEX(Eingaben!$B$65:$M$65,1,MATCH($B$4,Eingaben!$B$4:$M$4,0)) -> 120 | E49: =IF(B49="Einnahmen",D49-C49,IF(B49="Sparen",D49-C49,C49-D49)) -> -25 | F49: =IF(B49="Einnahmen",IF(E49>=0,"OK","Unter Plan"),IF(B49="Sparen",IF(E49>=0,"OK","Unter Sparziel"),IF(E49>=0,"OK","Über Budget"))) -> Über Budget
A50: Notfallfonds | B50: Sparen | C50: =INDEX(Eingaben!$B$32:$M$32,1,MATCH($B$4,Eingaben!$B$4:$M$4,0)) -> 200 | D50: =INDEX(Eingaben!$B$69:$M$69,1,MATCH($B$4,Eingaben!$B$4:$M$4,0)) -> 200 | E50: =IF(B50="Einnahmen",D50-C50,IF(B50="Sparen",D50-C50,C50-D50)) -> 0 | F50: =IF(B50="Einnahmen",IF(E50>=0,"OK","Unter Plan"),IF(B50="Sparen",IF(E50>=0,"OK","Unter Sparziel"),IF(E50>=0,"OK","Über Budget"))) -> OK
A51: Urlaub | B51: Sparen | C51: =INDEX(Eingaben!$B$33:$M$33,1,MATCH($B$4,Eingaben!$B$4:$M$4,0)) -> 100 | D51: =INDEX(Eingaben!$B$70:$M$70,1,MATCH($B$4,Eingaben!$B$4:$M$4,0)) -> 100 | E51: =IF(B51="Einnahmen",D51-C51,IF(B51="Sparen",D51-C51,C51-D51)) -> 0 | F51: =IF(B51="Einnahmen",IF(E51>=0,"OK","Unter Plan"),IF(B51="Sparen",IF(E51>=0,"OK","Unter Sparziel"),IF(E51>=0,"OK","Über Budget"))) -> OK
A52: Langfristige Rücklagen | B52: Sparen | C52: =INDEX(Eingaben!$B$34:$M$34,1,MATCH($B$4,Eingaben!$B$4:$M$4,0)) -> 250 | D52: =INDEX(Eingaben!$B$71:$M$71,1,MATCH($B$4,Eingaben!$B$4:$M$4,0)) -> 250 | E52: =IF(B52="Einnahmen",D52-C52,IF(B52="Sparen",D52-C52,C52-D52)) -> 0 | F52: =IF(B52="Einnahmen",IF(E52>=0,"OK","Unter Plan"),IF(B52="Sparen",IF(E52>=0,"OK","Unter Sparziel"),IF(E52>=0,"OK","Über Budget"))) -> OK

Sheet Eingaben
A1: Eingaben
A2: Nur die hell markierten Felder sind Eingaben. Geplant = Budget, Ist = tatsächlicher Wert.
B4: Januar | C4: Februar | D4: März | E4: April | F4: Mai | G4: Juni | H4: Juli | I4: August | J4: September | K4: Oktober | L4: November | M4: Dezember | N4: Gesamt
A5: GEPLANT
A6: Einnahmen
A7: Gehalt | B7: 3200 | C7: 3200 | D7: 3200 | E7: 3200 | F7: 3200 | G7: 3200 | H7: 3200 | I7: 3200 | J7: 3200 | K7: 3200 | L7: 3200 | M7: 3200 | N7: =SUM(B7:M7) -> 38400
A8: Nebeneinkünfte | B8: 250 | C8: 250 | D8: 300 | E8: 300 | F8: 300 | G8: 350 | H8: 350 | I8: 350 | J8: 300 | K8: 300 | L8: 250 | M8: 300 | N8: =SUM(B8:M8) -> 3600
A9: Sonstige Einnahmen | B9: 0 | C9: 0 | D9: 250 | E9: 0 | F9: 0 | G9: 0 | H9: 150 | I9: 0 | J9: 0 | K9: 0 | L9: 300 | M9: 500 | N9: =SUM(B9:M9) -> 1200
A10: Summe Einnahmen | B10: =SUM(B7:B9) -> 3450 | C10: =SUM(C7:C9) -> 3450 | D10: =SUM(D7:D9) -> 3750 | E10: =SUM(E7:E9) -> 3500 | F10: =SUM(F7:F9) -> 3500 | G10: =SUM(G7:G9) -> 3550 | H10: =SUM(H7:H9) -> 3700 | I10: =SUM(I7:I9) -> 3550 | ... M10: =SUM(M7:M9) -> 4000 | N10: =SUM(B10:M10) -> 43200
A12: Fixkosten
A13: Miete/Hypothek | B13: 950 | C13: 950 | D13: 950 | E13: 950 | F13: 950 | G13: 950 | H13: 950 | I13: 950 | J13: 950 | K13: 950 | L13: 950 | M13: 950 | N13: =SUM(B13:M13) -> 11400
A14: Strom/Wasser/Heizung | B14: 170 | C14: 170 | D14: 160 | E14: 150 | F14: 145 | G14: 140 | H14: 140 | I14: 145 | J14: 150 | K14: 160 | L14: 170 | M14: 180 | N14: =SUM(B14:M14) -> 1880
A15: Internet/Telefon | B15: 45 | C15: 45 | D15: 45 | E15: 45 | F15: 45 | G15: 45 | H15: 45 | I15: 45 | J15: 45 | K15: 45 | L15: 45 | M15: 45 | N15: =SUM(B15:M15) -> 540
A16: Versicherungen | B16: 120 | C16: 120 | D16: 120 | E16: 120 | F16: 120 | G16: 120 | H16: 120 | I16: 120 | J16: 120 | K16: 120 | L16: 120 | M16: 120 | N16: =SUM(B16:M16) -> 1440
A17: Kredit/Raten | B17: 180 | C17: 180 | D17: 180 | E17: 180 | F17: 180 | G17: 180 | H17: 180 | I17: 180 | J17: 180 | K17: 180 | L17: 180 | M17: 180 | N17: =SUM(B17:M17) -> 2160
A18: Abos | B18: 35 | C18: 35 | D18: 35 | E18: 35 | F18: 35 | G18: 35 | H18: 35 | I18: 35 | J18: 35 | K18: 35 | L18: 35 | M18: 35 | N18: =SUM(B18:M18) -> 420
A19: Summe Fixkosten | B19: =SUM(B13:B18) -> 1500 | C19: =SUM(C13:C18) -> 1500 | D19: =SUM(D13:D18) -> 1490 | E19: =SUM(E13:E18) -> 1480 | F19: =SUM(F13:F18) -> 1475 | G19: =SUM(G13:G18) -> 1470 | H19: =SUM(H13:H18) -> 1470 | I19: =SUM(I13:I18) -> 1475 | ... M19: =SUM(M13:M18) -> 1510 | N19: =SUM(B19:M19) -> 17840
A21: Variable Kosten
A22: Lebensmittel | B22: 360 | C22: 350 | D22: 360 | E22: 370 | F22: 365 | G22: 380 | H22: 390 | I22: 395 | J22: 370 | K22: 365 | L22: 360 | M22: 380 | N22: =SUM(B22:M22) -> 4445
A23: Transport | B23: 130 | C23: 125 | D23: 130 | E23: 140 | F23: 145 | G23: 150 | H23: 155 | I23: 150 | J23: 145 | K23: 140 | L23: 130 | M23: 125 | N23: =SUM(B23:M23) -> 1665
A24: Gesundheit | B24: 60 | C24: 40 | D24: 65 | E24: 45 | F24: 55 | G24: 50 | H24: 70 | I24: 45 | J24: 60 | K24: 50 | L24: 65 | M24: 55 | N24: =SUM(B24:M24) -> 660
A25: Bildung | B25: 40 | C25: 40 | D25: 40 | E25: 40 | F25: 40 | G25: 40 | H25: 40 | I25: 40 | J25: 40 | K25: 40 | L25: 40 | M25: 40 | N25: =SUM(B25:M25) -> 480
A26: Freizeit | B26: 160 | C26: 150 | D26: 170 | E26: 180 | F26: 190 | G26: 210 | H26: 230 | I26: 220 | J26: 180 | K26: 170 | L26: 160 | M26: 200 | N26: =SUM(B26:M26) -> 2220
A27: Kleidung/Shopping | B27: 60 | C27: 50 | D27: 70 | E27: 60 | F27: 80 | G27: 90 | H27: 70 | I27: 80 | J27: 60 | K27: 70 | L27: 90 | M27: 120 | N27: =SUM(B27:M27) -> 900
A28: Sonstiges | B28: 90 | C28: 85 | D28: 95 | E28: 80 | F28: 85 | G28: 90 | H28: 100 | I28: 95 | J28: 90 | K28: 85 | L28: 90 | M28: 110 | N28: =SUM(B28:M28) -> 1095
A29: Summe Variable Kosten | B29: =SUM(B22:B28) -> 900 | C29: =SUM(C22:C28) -> 840 | D29: =SUM(D22:D28) -> 930 | E29: =SUM(E22:E28) -> 915 | F29: =SUM(F22:F28) -> 960 | G29: =SUM(G22:G28) -> 1010 | H29: =SUM(H22:H28) -> 1055 | I29: =SUM(I22:I28) -> 1025 | ... M29: =SUM(M22:M28) -> 1030 | N29: =SUM(B29:M29) -> 11465
A31: Sparen
A32: Notfallfonds | B32: 200 | C32: 200 | D32: 200 | E32: 200 | F32: 200 | G32: 200 | H32: 200 | I32: 200 | J32: 200 | K32: 200 | L32: 200 | M32: 200 | N32: =SUM(B32:M32) -> 2400
A33: Urlaub | B33: 100 | C33: 100 | D33: 100 | E33: 120 | F33: 120 | G33: 150 | H33: 150 | I33: 150 | J33: 120 | K33: 120 | L33: 100 | M33: 100 | N33: =SUM(B33:M33) -> 1430
A34: Langfristige Rücklagen | B34: 250 | C34: 250 | D34: 250 | E34: 250 | F34: 250 | G34: 250 | H34: 250 | I34: 250 | J34: 250 | K34: 250 | L34: 250 | M34: 250 | N34: =SUM(B34:M34) -> 3000
A35: Summe Sparen | B35: =SUM(B32:B34) -> 550 | C35: =SUM(C32:C34) -> 550 | D35: =SUM(D32:D34) -> 550 | E35: =SUM(E32:E34) -> 570 | F35: =SUM(F32:F34) -> 570 | G35: =SUM(G32:G34) -> 600 | H35: =SUM(H32:H34) -> 600 | I35: =SUM(I32:I34) -> 600 | ... M35: =SUM(M32:M34) -> 550 | N35: =SUM(B35:M35) -> 6830
A37: Gesamtausgaben | B37: =B19+B29 -> 2400 | C37: =C19+C29 -> 2340 | D37: =D19+D29 -> 2420 | E37: =E19+E29 -> 2395 | F37: =F19+F29 -> 2435 | G37: =G19+G29 -> 2480 | H37: =H19+H29 -> 2525 | I37: =I19+I29 -> 2500 | ... M37: =M19+M29 -> 2540 | N37: =SUM(B37:M37) -> 29305
A38: Saldo | B38: =B10-B37-B35 -> 500 | C38: =C10-C37-C35 -> 560 | D38: =D10-D37-D35 -> 780 | E38: =E10-E37-E35 -> 535 | F38: =F10-F37-F35 -> 495 | G38: =G10-G37-G35 -> 470 | H38: =H10-H37-H35 -> 575 | I38: =I10-I37-I35 -> 450 | ... M38: =M10-M37-M35 -> 910 | N38: =SUM(B38:M38) -> 7065
A42: IST
A43: Einnahmen
A44: Gehalt | B44: 3200 | C44: 3200 | D44: 3200 | E44: 3250 | F44: 3200 | G44: 3200 | H44: 3200 | I44: 3200 | J44: 3200 | K44: 3250 | L44: 3200 | M44: 3200 | N44: =SUM(B44:M44) -> 38500
A45: Nebeneinkünfte | B45: 220 | C45: 280 | D45: 320 | E45: 260 | F45: 340 | G45: 360 | H45: 310 | I45: 390 | J45: 280 | K45: 310 | L45: 240 | M45: 330 | N45: =SUM(B45:M45) -> 3640
A46: Sonstige Einnahmen | B46: 0 | C46: 0 | D46: 200 | E46: 0 | F46: 50 | G46: 0 | H46: 100 | I46: 0 | J46: 0 | K46: 0 | L46: 250 | M46: 600 | N46: =SUM(B46:M46) -> 1200
A47: Summe Einnahmen | B47: =SUM(B44:B46) -> 3420 | C47: =SUM(C44:C46) -> 3480 | D47: =SUM(D44:D46) -> 3720 | E47: =SUM(E44:E46) -> 3510 | F47: =SUM(F44:F46) -> 3590 | G47: =SUM(G44:G46) -> 3560 | H47: =SUM(H44:H46) -> 3610 | I47: =SUM(I44:I46) -> 3590 | ... M47: =SUM(M44:M46) -> 4130 | N47: =SUM(B47:M47) -> 43340
A49: Fixkosten
A50: Miete/Hypothek | B50: 950 | C50: 950 | D50: 950 | E50: 950 | F50: 950 | G50: 950 | H50: 950 | I50: 950 | J50: 950 | K50: 950 | L50: 950 | M50: 950 | N50: =SUM(B50:M50) -> 11400
A51: Strom/Wasser/Heizung | B51: 180 | C51: 165 | D51: 158 | E51: 148 | F51: 150 | G51: 145 | H51: 138 | I51: 150 | J51: 155 | K51: 168 | L51: 175 | M51: 190 | N51: =SUM(B51:M51) -> 1922
A52: Internet/Telefon | B52: 45 | C52: 45 | D52: 45 | E52: 45 | F52: 45 | G52: 45 | H52: 45 | I52: 45 | J52: 45 | K52: 45 | L52: 45 | M52: 45 | N52: =SUM(B52:M52) -> 540
A53: Versicherungen | B53: 120 | C53: 120 | D53: 120 | E53: 120 | F53: 120 | G53: 120 | H53: 120 | I53: 120 | J53: 120 | K53: 120 | L53: 120 | M53: 120 | N53: =SUM(B53:M53) -> 1440
A54: Kredit/Raten | B54: 180 | C54: 180 | D54: 180 | E54: 180 | F54: 180 | G54: 180 | H54: 180 | I54: 180 | J54: 180 | K54: 180 | L54: 180 | M54: 180 | N54: =SUM(B54:M54) -> 2160
A55: Abos | B55: 40 | C55: 35 | D55: 35 | E55: 35 | F55: 40 | G55: 35 | H55: 35 | I55: 40 | J55: 35 | K55: 35 | L55: 40 | M55: 35 | N55: =SUM(B55:M55) -> 440
A56: Summe Fixkosten | B56: =SUM(B50:B55) -> 1515 | C56: =SUM(C50:C55) -> 1495 | D56: =SUM(D50:D55) -> 1488 | E56: =SUM(E50:E55) -> 1478 | F56: =SUM(F50:F55) -> 1485 | G56: =SUM(G50:G55) -> 1475 | H56: =SUM(H50:H55) -> 1468 | I56: =SUM(I50:I55) -> 1485 | ... M56: =SUM(M50:M55) -> 1520 | N56: =SUM(B56:M56) -> 17902
A58: Variable Kosten
A59: Lebensmittel | B59: 380 | C59: 340 | D59: 375 | E59: 390 | F59: 355 | G59: 410 | H59: 430 | I59: 420 | J59: 385 | K59: 360 | L59: 370 | M59: 405 | N59: =SUM(B59:M59) -> 4620
A60: Transport | B60: 120 | C60: 130 | D60: 125 | E60: 150 | F60: 140 | G60: 160 | H60: 170 | I60: 145 | J60: 150 | K60: 138 | L60: 132 | M60: 128 | N60: =SUM(B60:M60) -> 1688
A61: Gesundheit | B61: 75 | C61: 35 | D61: 50 | E61: 60 | F61: 45 | G61: 55 | H61: 90 | I61: 50 | J61: 65 | K61: 48 | L61: 70 | M61: 60 | N61: =SUM(B61:M61) -> 703
A62: Bildung | B62: 40 | C62: 40 | D62: 40 | E62: 40 | F62: 55 | G62: 40 | H62: 40 | I62: 40 | J62: 40 | K62: 40 | L62: 40 | M62: 40 | N62: =SUM(B62:M62) -> 495
A63: Freizeit | B63: 150 | C63: 165 | D63: 190 | E63: 170 | F63: 205 | G63: 240 | H63: 260 | I63: 235 | J63: 175 | K63: 165 | L63: 150 | M63: 220 | N63: =SUM(B63:M63) -> 2325
A64: Kleidung/Shopping | B64: 45 | C64: 55 | D64: 90 | E64: 50 | F64: 110 | G64: 85 | H64: 65 | I64: 120 | J64: 55 | K64: 80 | L64: 95 | M64: 140 | N64: =SUM(B64:M64) -> 990
A65: Sonstiges | B65: 100 | C65: 80 | D65: 120 | E65: 75 | F65: 90 | G65: 95 | H65: 105 | I65: 90 | J65: 95 | K65: 100 | L65: 85 | M65: 140 | N65: =SUM(B65:M65) -> 1175
A66: Summe Variable Kosten | B66: =SUM(B59:B65) -> 910 | C66: =SUM(C59:C65) -> 845 | D66: =SUM(D59:D65) -> 990 | E66: =SUM(E59:E65) -> 935 | F66: =SUM(F59:F65) -> 1000 | G66: =SUM(G59:G65) -> 1085 | H66: =SUM(H59:H65) -> 1160 | I66: =SUM(I59:I65) -> 1100 | ... M66: =SUM(M59:M65) -> 1133 | N66: =SUM(B66:M66) -> 11996
A68: Sparen
A69: Notfallfonds | B69: 220 | C69: 200 | D69: 200 | E69: 180 | F69: 200 | G69: 220 | H69: 200 | I69: 200 | J69: 200 | K69: 220 | L69: 200 | M69: 250 | N69: =SUM(B69:M69) -> 2490
A70: Urlaub | B70: 80 | C70: 100 | D70: 100 | E70: 120 | F70: 100 | G70: 180 | H70: 200 | I70: 180 | J70: 110 | K70: 120 | L70: 100 | M70: 80 | N70: =SUM(B70:M70) -> 1470
A71: Langfristige Rücklagen | B71: 250 | C71: 250 | D71: 250 | E71: 250 | F71: 250 | G71: 250 | H71: 260 | I71: 250 | J71: 250 | K71: 250 | L71: 250 | M71: 300 | N71: =SUM(B71:M71) -> 3060
A72: Summe Sparen | B72: =SUM(B69:B71) -> 550 | C72: =SUM(C69:C71) -> 550 | D72: =SUM(D69:D71) -> 550 | E72: =SUM(E69:E71) -> 550 | F72: =SUM(F69:F71) -> 550 | G72: =SUM(G69:G71) -> 650 | H72: =SUM(H69:H71) -> 660 | I72: =SUM(I69:I71) -> 630 | ... M72: =SUM(M69:M71) -> 630 | N72: =SUM(B72:M72) -> 7020
A74: Gesamtausgaben | B74: =B56+B66 -> 2425 | C74: =C56+C66 -> 2340 | D74: =D56+D66 -> 2478 | E74: =E56+E66 -> 2413 | F74: =F56+F66 -> 2485 | G74: =G56+G66 -> 2560 | H74: =H56+H66 -> 2628 | I74: =I56+I66 -> 2585 | ... M74: =M56+M66 -> 2653 | N74: =SUM(B74:M74) -> 29898
A75: Saldo | B75: =B47-B74-B72 -> 445 | C75: =C47-C74-C72 -> 590 | D75: =D47-D74-D72 -> 692 | E75: =E47-E74-E72 -> 547 | F75: =F47-F74-F72 -> 555 | G75: =G47-G74-G72 -> 350 | H75: =H47-H74-H72 -> 322 | I75: =I47-I74-I72 -> 375 | ... M75: =M47-M74-M72 -> 847 | N75: =SUM(B75:M75) -> 6422
